 Dungeon Crawl Stone Soup version 0.27-a0-1083-gcf8293e1eb (webtiles) character file.

Game seed: 2418256541120928505

8380 Gaff the Thaumaturge (level 11, 0/71 HPs)
             Began as a Djinni Air Elementalist on Apr 26, 2021.
             Was an Elder of Nemelex Xobeh.
             Slain by an orc knight
             ... wielding a +0 halberd
              (11 damage)
             ... in a bailey.
             The game lasted 01:07:27 (16545 turns).

Gaff the Thaumaturge (Djinni Air Elementalist)     Turns: 16545, Time: 01:07:29

Health: 0/71       AC: 11    Str:  7    XL:     11   Next: 30%
Gold:   611        EV: 15    Int: 21    God:    Nemelex Xobeh [****..] SH:  0 Dex: 13

rFire    + + .     SeeInvis .   b - +3 scimitar
rCold    + . .     Faith    .   (no shield)
rNeg     . . .     Spirit   .   X - +0 acid dragon scales
rPois    ∞         Reflect  .   q - +2 hat {Stlth+}
rElec    .         Harm     .   (no cloak)
rCorr    +         Rampage  .   i - +0 pair of gloves
Will     +....                  (boots unavailable)
Stlth    ++........             Z - amulet of magic regeneration
HPRegen  0.21/turn              y - +4 ring of evasion
MPRegen  0.00/turn              N - ring of Eternity {Wiz rC++ rCorr}

@: brilliant, on berserk cooldown, flying, slowed, very slow
A: fire resistance 2, cold vulnerability 1, float, innate caster, hp casting,
extra vitality 1
a: Renounce Religion, Draw Escape, Draw Destruction, Draw Summoning, Triple
Draw, Deal Four


You were in a bailey.
You worshipped Nemelex Xobeh.
Nemelex Xobeh was greatly pleased with you.
You visited 2 branches of the dungeon, and saw 12 of its levels.
You also visited: Bailey.

You collected 611 gold pieces.

Inventory:

Hand Weapons
 b - a +3 scimitar (weapon)
Missiles
 s - 16 boomerangs
 F - 2 throwing nets
 Y - a curare-tipped dart
Armour
 i - a +0 pair of gloves (worn)
 q - a +2 hat of stealth (worn)
 w - a +0 ring mail of poison resistance
 Q - a +0 troll leather armour
 W - a +2 robe
 X - +0 acid dragon scales (worn)
Magical Staves
 a - a staff of conjuration
Jewellery
 y - a +4 ring of evasion (left hand)
 N - the ring of Eternity (right hand) {Wiz rC++ rCorr}
   (You acquired it on level 7 of the Dungeon)

   [ring of wizardry]

   It improves your spell success rate.
   It greatly protects you from cold.
   It protects you from acid and corrosion.
 Z - an amulet of magic regeneration (around neck)
Wands
 E - a wand of polymorph (9)
 J - a wand of iceblast (5)
 K - a wand of charming (9)
 R - a wand of acid (3)
Scrolls
 f - 2 scrolls of immolation
 g - 10 scrolls of teleportation
 o - a scroll of enchant weapon
 u - 3 scrolls of fear
 v - 3 scrolls of fog
 D - 3 scrolls of enchant armour
Potions
 d - a potion of magic
 j - 2 potions of might
 k - 2 potions of degeneration {unknown}
 m - 3 potions of lignification
 p - 4 potions of curing {unknown}
 t - 2 potions of flight {unknown}
 B - a potion of heal wounds {unknown}
 L - a potion of cancellation {unknown}
 M - a potion of mutation {unknown}
 O - 2 potions of brilliance
 T - a potion of haste
Miscellaneous
 S - a box of beasts (inert)


   Skills:
 - Level 3.3 Fighting
 + Level 5.2 Long Blades
 + Level 7.8 Armour
 - Level 2.7 Dodging
 - Level 1.7 Stealth
 * Level 10.0 Spellcasting
 - Level 6.9 Invocations
 - Level 2.0 Evocations


You had one spell level left.
You knew the following spells:

 Your Spells              Type           Power      Damage    Failure   Level
a - Shock                 Conj/Air       100%       1d9       1%          1
b - Static Discharge      Conj/Air       68%        N/A       1%          2
c - Swiftness             Air            68%        N/A       1%          3
d - Airstrike             Air            34%        N/A       1%          4
e - Lightning Bolt        Conj/Air       34%        1d51      1%          5
f - Foxfire               Conj/Fire      100%       2x1d9     1%          1
g - Wereblood             Tmut           68%        N/A       1%          2
h - Ignite Poison         Fire/Tmut/Pois 68%        N/A       1%          3
i - Inner Flame           Hex/Fire       68%        N/A       1%          3
j - Manifold Assault      Tloc           68%        N/A       1%          5
Your spell library was empty.

Dungeon Overview and Level Annotations

Branches:
Dungeon (11/15)            Temple (1/1) D:5             Orc (0/2) D:10
 Bailey (1/1)
   Lair: D:8-11

Altars:
Ashenzari
Cheibriados
Dithmenos
Elyvilon
Fedhas
Gozag
Hepliaklqana
Kikubaaqudgha
Makhleb
Nemelex Xobeh
Okawaru
Qazlal
Ru
Sif Muna
Trog
Uskayaw
Vehumet
Wu Jian
Xom
Yredelemnul
Zin
The Shining One

Annotations:
D:3 Edmund
D:11 1 transporter


Innate Abilities, Weirdness & Mutations

You are immune to poison.
Your flesh is very heat resistant. (rF++)
You are vulnerable to cold. (rC-)
You float through the air rather than walking.
You learn spells naturally, not from books.
Your magical power is your life essence.
You have superior vitality. (+4 HP)


Message History

You are too berserk!
You feel your anger nearly subside.
The orc warrior shouts!
The orc warrior shoots a bolt.
The bolt hits you.
* * * LOW HITPOINT WARNING * * *
You are no longer berserk.
You are exhausted.
You feel yourself slow down.
There is an empty arch of ancient stone here.
It was a potion of magic.
Magic courses through your body.
The orc knight roars a battlecry!
The orc knight goes into a battle-frenzy!
The orc warrior shoots a bolt.
The bolt closely misses you.
Casting: Shock (safe; 1% risk of failure)
Confirm with . or Enter, or press ? or * to list all spells.
Okay, then.
You draw a card...
You have drawn the Swarm.
The orc warrior shoots a bolt.
The bolt completely misses your killer bee.
The bolt closely misses you. The orc knight completely misses you.
The orc knight roars a battlecry!
The orc knight goes into a battle-frenzy!
The orc warrior shoots a bolt.
The bolt barely misses your killer bee. The bolt misses you.
You draw... (choose one card, ? for their descriptions) a - Wild Magic b - Pain
c - the Orb You have drawn the Orb.
Press: ? - help, Shift-Dir - straight line, f - orc knight
Aim: an orc knight, wielding a +0 halberd and wearing a +0 scale mail (strong, ally target)
You can no longer stack cards.
The wavering orb of destruction hits the orc knight!!
The orc knight is heavily wounded.
Your killer bee barely misses the orc knight. x2
The orc knight misses you. The orc warrior completely misses you.
An orc warrior comes into view. It is wielding a +0 halberd.
Your killer bee barely misses the orc knight.
The orc knight hits you from afar with a +0 halberd!
You die...
Your body glows with a rainbow of weird colours and disappears.

## #### ##∩##
#####
o)..##...##.)o..
≈≈≈).#...#..≈≈≈.
≈.≈≈......)≈≈)≈≈
oo≈.......≈)∩.≈
o≈≈..o.oy.≈≈.≈≈
#..○# #.@.#
##∩## ###


You could see 2 orc knights, 3 orc warriors and a friendly killer bee
(summoned).

Vanquished Creatures
  A two-headed ogre (D:8)
  A manticore (D:9)
  A centaur zombie (D:10)
  Maggie (D:8)
  Psyche (D:10)
  A troll (D:9)
  2 wyverns
  3 steam dragons
  A warg (D:10)
  2 acid dragons (D:10)
  2 water moccasins (D:7)
  3 ice beasts
  14 orc warriors
  4 sky beasts
  A hornet zombie (D:7)
  2 necrophages (D:6)
  2 ogres
  5 centaurs
  A kobold brigand (D:10)
  A bullfrog (D:7)
  6 scorpions
  8 killer bees
  3 wights (D:6)
  2 vampire bats (D:4)
  A bullfrog zombie (D:6)
  4 orc priests
  A hound (D:6)
  2 jellies (D:5)
  Jessica (D:3)
  A bullfrog skeleton (D:7)
  2 gnoll shamans
  3 iguanas
  14 orc wizards
  2 killer bee zombies (D:8)
  21 gnolls
  12 adders
  A shadow imp (D:5)
  An adder skeleton (D:4)
  2 worms (D:3)
  A dart slug (D:2)
  49 orcs
  7 ball pythons
  12 endoplasms
  2 giant cockroaches
  10 goblins
  7 hobgoblins
  16 jackals
  2 quokkas
  12 bats
  2 frilled lizards
  8 kobolds
  5 rats
269 creatures vanquished.

Vanquished Creatures (others)
  2 gnolls (D:7)
  436 foxfires
438 creatures vanquished.

Grand Total: 707 creatures vanquished

Notes
Turn   | Place    | Note
-------+----------+-------------------------------------------
     0 | D:1      | Gaff the Djinni Air Elementalist began the quest for the
                  | Orb.
     0 | D:1      | Reached XP level 1. HP: 15/15 MP: 0/0
   219 | D:1      | Reached skill level 3 in Spellcasting
   219 | D:1      | Reached XP level 2. HP: 18/21 MP: 0/0
  1008 | D:1      | Reached XP level 3. HP: 24/25 MP: 0/0
  1008 | D:1      | Learned a level 1 spell: Foxfire
  1171 | D:1      | Found a faded altar of an unknown god.
  1189 | D:1      | Became a worshipper of Nemelex Xobeh the Trickster
  1189 | D:1      | Reached * piety under Nemelex Xobeh
  1533 | D:2      | Received a gift from Nemelex Xobeh
  1696 | D:2      | Reached skill level 1 in Armour
  1696 | D:2      | Reached XP level 4. HP: 25/31 MP: 0/0
  2430 | D:2      | Reached skill level 4 in Spellcasting
  2830 | D:2      | Reached skill level 1 in Invocations
  2830 | D:2      | Reached XP level 5. HP: 31/35 MP: 0/0
  2830 | D:2      | Learned a level 2 spell: Wereblood
  2861 | D:2      | Received a gift from Nemelex Xobeh
  2962 | D:2      | Reached ** piety under Nemelex Xobeh
  3130 | D:3      | Noticed Jessica
  3880 | D:3      | Reached XP level 6. HP: 34/40 MP: 0/0
  4152 | D:3      | Received a gift from Nemelex Xobeh
  4675 | D:4      | Noticed Edmund
  4750 | D:3      | Killed Jessica
  4751 | D:3      | Reached skill level 1 in Long Blades
  5384 | D:4      | Reached XP level 7. HP: 34/45 MP: 0/0
  5384 | D:4      | Learned a level 3 spell: Ignite Poison
  5385 | D:4      | Reached skill level 5 in Spellcasting
  5740 | D:4      | Found a glowing golden altar of the Shining One.
  5787 | D:4      | Identified the +0 robe of the Spider Nest {rN+}
  6331 | D:4      | Found a sparkling altar of Nemelex Xobeh.
  6406 | D:5      | Entered Level 5 of the Dungeon
  6597 | D:5      | Received a gift from Nemelex Xobeh
  6619 | D:5      | Reached XP level 8. HP: 46/50 MP: 0/0
  6689 | D:5      | Reached *** piety under Nemelex Xobeh
  6920 | D:5      | Reached skill level 6 in Spellcasting
  7124 | D:5      | Found a staircase to the Ecumenical Temple.
  7133 | Temple   | Entered the Ecumenical Temple
  7689 | D:5      | Noticed a two-headed ogre
  9633 | D:6      | Reached skill level 7 in Spellcasting
  9633 | D:6      | Reached XP level 9. HP: 37/55 MP: 0/0
  9633 | D:6      | Learned a level 3 spell: Inner Flame
  9671 | D:6      | Reached skill level 5 in Armour
 10115 | D:6      | Reached **** piety under Nemelex Xobeh
 10182 | D:6      | Reached skill level 5 in Invocations
 11679 | D:7      | Reached skill level 8 in Spellcasting
 12061 | D:7      | Received a gift from Nemelex Xobeh
 12073 | D:7      | Found a bloodstained altar of Trog.
 12213 | D:7      | Reached XP level 10. HP: 50/60 MP: 0/0
 12371 | D:7      | Found a shadowy altar of Dithmenos.
 13169 | D:8      | Noticed a two-headed ogre
 13178 | D:8      | Killed a two-headed ogre
 13528 | D:8      | Noticed Maggie
 13679 | D:8      | Killed Maggie
 13680 | D:8      | Reached skill level 1 in Fighting
 13867 | D:8      | Reached skill level 9 in Spellcasting
 13977 | D:8      | Identified a scroll of acquirement
 14012 | D:7      | Acquired the ring of Eternity {Wiz rC++ rCorr}
 14415 | D:9      | Received a gift from Nemelex Xobeh
 14431 | D:9      | Found a glowing silver altar of Zin.
 14431 | D:9      | Noticed an angel
 14512 | D:9      | Noticed a manticore
 14516 | D:9      | Killed a manticore
 15200 | D:10     | Entered Level 10 of the Dungeon
 15426 | D:10     | Reached skill level 1 in Evocations
 15451 | D:10     | Reached XP level 11. HP: 40/70 MP: 0/0
 15451 | D:10     | Learned a level 5 spell: Manifold Assault
 15610 | D:10     | Found a staircase to the Orcish Mines.
 15682 | D:10     | Found a white marble altar of Elyvilon.
 15693 | D:10     | Found a sacrificial altar of Ru.
 15965 | D:10     | Noticed Psyche
 15972 | D:10     | Killed Psyche
 15973 | D:10     | Reached skill level 5 in Long Blades
 16024 | D:10     | Received a gift from Nemelex Xobeh
 16072 | D:10     | Reached ***** piety under Nemelex Xobeh
 16437 | D:11     | Found a transporter.
 16478 | D:11     | Found a flagged portal.
 16511 | Bailey   | Entered a bailey
 16511 | Bailey   | Noticed an orc knight
 16518 | Bailey   | Reached skill level 10 in Spellcasting
 16536 | Bailey   | Noticed an orc knight
 16545 | Bailey   | Slain by an orc knight

Illustrated notes

Levels and vault maps discovered:
D:1:      dpeg_arrival_stonehenge_8_columns, layout_basic,
          hellmonk_ecumenical_altar_blasted
D:2:      minmay_angry_zag, layout_basic, minmay_misc_feat_iff
D:3:      layout_basic, uniq_jessica
D:4:      layout_basic, kennysheep_mini_moat, lemuel_round_altar,
          roderic_batcave, uniq_edmund
D:5:      layout_loops_corners, minmay_temple_entry_antechambers
D:6:      layout_rooms, serial_glass, glass_columns_a, glass_columns_a
D:7:      layout_cave_pools, nzn_overflow_gifts_of_might_and_magic,
          nicolae_dithmenos_shadow_blocks, minmay_manual_macuahuitl
D:8:      layout_basic, uniq_maggie
D:9:      layout_rooms, zin_angel, hangedman_abyss_or_decor_jellyfish_corner
D:10:     layout_basic, grunt_temple_overflow_open, erik_orc_3, uniq_psyche
D:11:     layout_basic, david_lair_generic, serial_shops, shop,
          nzn_ghost_randoct, lightli_bailey_entry_fortress
Temple:   eino_temple_water
Bailey:   bailey_polearm_4, bailey

Skill      XL: |  1  2  3  4  5  6  7  8  9 10 11 |
---------------+----------------------------------+-----
Spellcasting   | 3 4 5 7 8 9 10 | 10.0
Armour         | 1 2 3 4 6 7 |  7.8
Invocations    | 1 2 3 4 6 |  6.9
Long Blades    | 1 2 4 5 |  5.2
Fighting       | 2 3 |  3.3
Evocations     | 1 2 |  2.0
Dodging        | |  2.7
Stealth        | |  1.7

Action                   |  1- 3 |  4- 6 |  7- 9 | 10-12 || total
-------------------------+-------+-------+-------+-------++-------
Melee: Staff             |     1 |       |     1 |     1 ||     3
       Rapier            |       |     3 |       |       ||     3
       Scimitar          |       |       |       |    82 ||    82
 Cast: Shock             |    41 |    74 |    73 |    26 ||   214
       Foxfire           |    19 |    59 |   129 |    65 ||   272
       Static Discharge  |       |    12 |    34 |     9 ||    55
       Swiftness         |       |     3 |     2 |     1 ||     6
       Wereblood         |       |     1 |       |       ||     1
       Airstrike         |       |       |    17 |    67 ||    84
       Lightning Bolt    |       |       |       |     3 ||     3
       Manifold Assault  |       |       |       |     3 ||     3
Invok: Draw Destruction  |       |     2 |     2 |     7 ||    11
       Draw Summoning    |       |     1 |       |     3 ||     4
       Draw Escape       |       |     1 |       |     1 ||     2
       Triple Draw       |       |       |       |     1 ||     1
Evoke: Box of beasts     |       |       |       |     1 ||     1
  Use: Scroll            |       |     5 |     4 |     4 ||    13
       Potion            |       |       |       |     3 ||     3
Armor: Robe              |     2 |     3 |       |       ||     5
       Leather armour    |       |       |    13 |     3 ||    16
       Troll leather arm |       |       |       |    21 ||    21
       Acid dragon scale |       |       |       |    17 ||    17
Dodge: Dodged            |     8 |    13 |    42 |    99 ||   162
       Rpst.: Falchion   |       |     2 |     3 |       ||     5
       Scimitar          |       |       |       |    13 ||    13

Table legend: (Time is in decaauts)
 A = Elapsed time spent in this place.
 B = Non-inter-level travel time spent in this place.
 C = Inter-level travel time spent in this place.
 D = Time resting spent in this place.
 E = Time spent auto-exploring this place.
 F = Levels seen in this place.
 G = Mean time per level.
                   A        B        C        D        E       F      G
               +--------+--------+--------+--------+--------+-----+--------+
         Total |  16570 |  15678 |    892 |   6781 |   5465 |  13 | 1274.6 |
       Dungeon |  16084 |  15219 |    865 |   6781 |   5041 |  11 | 1462.2 |
        Temple |    452 |    425 |     27 |      0 |    424 |   1 |  452.0 |
        Bailey |     33 |     33 |      0 |      0 |      0 |   1 |   33.0 |
               +--------+--------+--------+--------+--------+-----+--------+

Top non-repeatable levels by time:
     D:6: 2098 daAuts
     D:2: 1942 daAuts
     D:7: 1927 daAuts
     D:4: 1866 daAuts
     D:5: 1810 daAuts
     D:1: 1579 daAuts
     D:3: 1445 daAuts
     D:8: 1236 daAuts
    D:10: 1184 daAuts
     D:9: 877 daAuts
  Temple: 452 daAuts
    D:11: 117 daAuts
  Bailey: 33 daAuts
